 Dungeon Crawl Stone Soup version 0.26.1-11-gd32895ea62 (webtiles) character file.

Game seed: 11900601962369644971

1779 vvl the Spear-Bearer (level 9, -9/68 HPs)
             Began as a Merfolk Gladiator on July 5, 2021.
             Mangled by a troll (11 damage)
             ... on level 5 of the Dungeon.
             The game lasted 00:11:56 (6795 turns).

vvl the Spear-Bearer (Merfolk Gladiator)            Turns: 6795, Time: 00:11:56

Health: -9/68      AC:  6    Str: 14    XL:     9   Next: 8%
Magic:  9/9        EV: 16    Int: 10    God:
Gold:   280        SH:  0    Dex: 16    Spells: 8/8 levels left

rFire    . . .     SeeInvis .   C - +3 quarterstaff (chaos)
rCold    + . .     Faith    .   (shield currently unavailable)
rNeg     . . .     Spirit   .   h - +1 leather armour {rC+}
rPois    +         Reflect  .   c - +0 helmet
rElec    .         Harm     .   D - +0 cloak
rCorr    .         Rampage  .   (no gloves)
Will     .....                  (no boots)
Stlth    +.........             (no amulet)
HPRegen  0.21/turn              q - ring of poison resistance
MPRegen  0.11/turn              b - ring of wizardry

@: no status effects
A: change form in water, swift swim, stealthy swim
a: no special abilities


You were on level 5 of the Dungeon.
You visited 1 branch of the dungeon, and saw 5 of its levels.

You collected 280 gold pieces.

Inventory:

Hand Weapons
 a - a +0 trident
 l - a +0 mace of protection
 z - a +1 whip of flaming
 C - a +3 quarterstaff of chaos (weapon)
Missiles
 d - 3 throwing nets (quivered)
Armour
 c - a +0 helmet (worn)
 h - a +1 leather armour of cold resistance (worn)
 x - a +2 scale mail of fire resistance
 D - a +0 cloak (worn)
Magical Staves
 F - an uncursed staff of death {unknown}
Jewellery
 b - a ring of wizardry (right hand)
 q - a ring of poison resistance (left hand)
Wands
 n - a wand of acid (6)
 t - a wand of disintegration (6)
 v - a wand of polymorph (9)
 y - a wand of enslavement (3)
 B - a wand of digging (7)
Scrolls
 e - 2 scrolls of random uselessness {unknown}
 f - 2 scrolls of identify {unknown}
 i - 2 scrolls of amnesia
 j - 2 scrolls of enchant weapon {unknown}
 k - a scroll of blinking {unknown}
 o - a scroll of enchant armour {unknown}
 r - 2 scrolls of teleportation {unknown}
 s - 2 scrolls of remove curse
 w - a scroll of fog {unknown}
 A - a scroll of noise {unknown}
 E - a scroll of magic mapping {unknown}
Potions
 g - a potion of might {unknown}
 m - a potion of haste {unknown}
 p - 4 potions of heal wounds {unknown}
 u - a potion of curing


   Skills:
 + Level 5.1 Fighting
 * Level 9.7 Polearms
 + Level 4.6 Throwing
 + Level 2.9 Armour
 + Level 6.9 Dodging
 + Level 5.5 Transmutations


You had 8 spell levels left.
You didn't know any spells.
Your spell library was empty.

Dungeon Overview and Level Annotations

Branches:
Dungeon (5/15)
 Temple: D:4-7

Altars:


Message History

The bolt of acid hits something.
The acid corrodes something!
Aiming: Corrosive Bolt
Press: ? - help, Shift-Dir - straight line, f - troll
Aim: a troll (29% to evade)
The bolt of acid hits something!
Something seems to be corroded for longer.
Reactivating autopickup.
You feel a bit more experienced.
The bolt of acid hits the troll!
The troll is splashed with acid.
The acid corrodes the troll!
The troll is heavily wounded.
The troll bites you!!
* * * LOW HITPOINT WARNING * * *
The troll completely misses you. The troll closely misses you.
You see here a +0 giant spiked club.
You thump the troll!
The troll is severely wounded.
The troll bites you!
* * * LOW HITPOINT WARNING * * *
The troll claws you but does no damage. The troll claws you!
You die...

### #.. ###### ##. #.# .....#
..### #.# #<...# ##...### #.#
#....# . # #..[...#
#.######....#... #. #......#
#.............# .#.#
#......######...###.....###
....##......##)T@..).###.#####
...........)#..#####..##.#
..............## ##.#[.#
#.###.......### ###...## #
...###.[....# #.....# #.
#..........#### #.###.## ..
#.###.........# # #..######.#
#...#.###..). ####.........
#.$.#... ..............##..#


You could see a troll (corroded).

Vanquished Creatures
  Pikel (D:4)
  Eustachio (D:4)
  Edmund (D:4)
  An ice beast (D:4)
  A sky beast (D:5)
  2 ogres
  3 lemures (D:4)
  4 howler monkeys
  A hound (D:5)
  A jelly (D:5)
  2 orc priests
  A bullfrog skeleton (D:4)
  Crazy Yiuf (D:4)
  Ijyb (D:3)
  Jessica (D:3)
  3 orc wizards
  Natasha (thrice) (D:4)
  A worker ant (D:4)
  A hound skeleton (D:4)
  4 adders
  2 oozes (D:1)
  An adder skeleton (D:5)
  3 worms
  A dart slug (D:1)
  4 leopard geckos
  6 orcs
  3 giant cockroaches
  4 goblins
  8 hobgoblins
  12 jackals
  8 kobolds
  3 quokkas
  6 bats
  4 frilled lizards
  4 rats
  A bush (D:1)
104 creatures vanquished.

Vanquished Creatures (others)
  5 plants (D:1)
  4 toadstools (D:1)
9 creatures vanquished.

Grand Total: 113 creatures vanquished

Notes
Turn   | Place    | Note
-------+----------+-------------------------------------------
     0 | D:1      | vvl the Merfolk Gladiator began the quest for the Orb.
     0 | D:1      | Reached XP level 1. HP: 16/16 MP: 1/1
    65 | D:1      | Reached XP level 2. HP: 23/23 MP: 2/2
   266 | D:1      | Reached skill level 1 in Transmutations
   293 | D:1      | Reached skill level 5 in Polearms
   299 | D:1      | Reached XP level 3. HP: 15/28 MP: 3/3
  1424 | D:2      | Reached XP level 4. HP: 34/34 MP: 4/4
  2904 | D:3      | Reached XP level 5. HP: 34/40 MP: 5/5
  3042 | D:3      | Noticed Jessica
  3064 | D:3      | Killed Jessica
  3908 | D:3      | Noticed Ijyb
  3912 | D:3      | Killed Ijyb
  3913 | D:3      | Reached skill level 6 in Polearms
  4382 | D:4      | Noticed Edmund
  4410 | D:4      | Killed Edmund
  4411 | D:4      | Reached skill level 1 in Armour
  4411 | D:4      | Reached skill level 5 in Dodging
  4411 | D:4      | Reached XP level 6. HP: 33/47 MP: 6/6
  4520 | D:4      | Noticed Eustachio
  4536 | D:4      | Killed Eustachio
  4537 | D:4      | Reached skill level 7 in Polearms
  4537 | D:4      | Reached XP level 7. HP: 34/52 MP: 7/7
  4985 | D:4      | Noticed Pikel
  4998 | D:4      | Killed Pikel
  4999 | D:4      | Reached skill level 8 in Polearms
  4999 | D:4      | Reached XP level 8. HP: 30/60 MP: 8/8
  5520 | D:4      | Reached skill level 9 in Polearms
  5629 | D:4      | Reached skill level 5 in Transmutations
  5699 | D:4      | Found a runed translucent door.
  5700 | D:4      | Noticed Crazy Yiuf
  6044 | D:4      | Noticed Natasha
  6051 | D:4      | Killed Natasha
  6249 | D:4      | Killed Crazy Yiuf
  6270 | D:4      | Noticed Natasha
  6277 | D:4      | Killed Natasha
  6313 | D:4      | Noticed Natasha
  6322 | D:4      | Killed Natasha
  6366 | D:5      | Entered Level 5 of the Dungeon
  6534 | D:5      | Reached skill level 5 in Fighting
  6534 | D:5      | Reached XP level 9. HP: 22/68 MP: 9/9
  6775 | D:5      | Noticed a troll
  6795 | D:5      | HP: 2/68 [troll (10)]
  6795 | D:5      | Mangled by a troll

Illustrated notes

Levels and vault maps discovered:
D:1:      ldierk_walled_garden_2, layout_basic, serial_forest,
          infiniplex_forest_pool, infiniplex_forest_clump_large,
          infiniplex_forest_lined_2, infiniplex_forest_lined_room_2,
          infiniplex_forest_clump_tiny, infiniplex_forest_clump_long,
          infiniplex_forest_clump_long, columned_hall_lemuel
D:2:      layout_loops_corners
D:3:      layout_loops_corners, serial_forest, infiniplex_forest_lined_room_2,
          infiniplex_forest_lined_4_way, infiniplex_forest_zigzag_2,
          infiniplex_forest_end_3, infiniplex_forest_end_3,
          infiniplex_forest_side_room, uniq_jessica, uniq_ijyb
D:4:      minmay_chambers_of_threes, layout_basic, grunt_decor_junction,
          uniq_eustachio, uniq_pikel, uniq_natasha, uniq_crazy_yiuf_cottage,
          uniq_edmund
D:5:      layout_rooms

Skill      XL: |  1  2  3  4  5  6  7  8 |
---------------+-------------------------+-----
Transmutations | 1 2 3 4 5 |  5.5
Polearms       | 5 6 7 8 9 |  9.7
Fighting       | 3 4 5 |  5.1
Throwing       | 3 4 |  4.6
Armour         | 1 2 |  2.9
Dodging        | 5 6 |  6.9

Action                   |  1- 3 |  4- 6 |  7- 9 || total
-------------------------+-------+-------+-------++-------
Melee: Trident           |   228 |   138 |   145 ||   511
       Tailslap          |       |     1 |       ||     1
       Quarterstaff      |       |       |    43 ||    43
Evoke: Wand              |       |     7 |     8 ||    15
  Use: Scroll            |       |     1 |     1 ||     2
 Stab: Sleeping          |       |     3 |       ||     3
       Distracted        |       |       |     1 ||     1
Armor: Leather armour    |    21 |    26 |    38 ||    85
Dodge: Dodged            |    86 |    74 |    76 ||   236
